 Dungeon Crawl Stone Soup version 0.21.1-1-g345015fe64 (webtiles) character file.

16631 xarlom the Fighter (level 12, -4/110 HPs)
             Began as a Hill Orc Fighter on Apr 11, 2018.
             Succumbed to a queen ant's poison
             ... on level 10 of the Dungeon.
             The game lasted 02:43:09 (17859 turns).

xarlom the Fighter (Hill Orc Fighter)              Turns: 17859, Time: 02:43:10

Health: -4/110     AC: 14    Str: 23 (24) XL:     12   Next: 39%
Magic:  3/12       EV: 10    Int:  6 (8)  God:
Gold:   611        SH:  8    Dex: 11 (12) Spells: 11/11 levels left

rFire    . . .     SeeInvis .   Y - +0 broad axe
rCold    . . .     Gourm    .   r - +2 buckler
rNeg     + . .     Faith    .   i - +0 chain mail {rN+}
rPois    .         Spirit   +   l - +0 helmet
rElec    .         Reflect  .   (no cloak)
rCorr    .         Harm     .   X - +0 pair of gloves
MR       .....                  (no boots)
Stlth    ..........             T - amulet of guardian spirit
HPRegen  0.28/turn              k - +2 ring of dexterity
MPRegen  0.13/turn              H - +2 ring of evasion

@: lethally poisoned (-4 -> -111)
A: no striking features
a: no special abilities


You were on level 10 of the Dungeon.
You were not hungry.

You visited 2 branches of the dungeon, and saw 12 of its levels.

You collected 611 gold pieces.

Inventory:

Hand Weapons
 c - a +2 short sword of venom
 n - a +2 flail of holy wrath
 L - a +1 scimitar of flaming
 Y - a +0 broad axe (weapon)
Missiles
 j - a throwing net (quivered)
 D - 6 tomahawks of returning
Armour
 b - a +2 robe of magic resistance
 i - a +0 chain mail of positive energy (worn)
 l - a +0 helmet (worn)
 r - a +2 buckler (worn)
 W - a +0 troll leather armour
 X - a +0 pair of gloves (worn)
Jewellery
 h - an uncursed ring of fire
 k - a +2 ring of dexterity (left hand)
 x - an uncursed ring of flight
 C - an uncursed ring of wizardry
 G - an uncursed ring of resist corrosion
 H - a +2 ring of evasion (right hand)
 J - an uncursed ring of ice
 T - an amulet of guardian spirit (around neck)
Wands
 g - a wand of flame (48)
 s - a wand of digging (9)
 M - a wand of disintegration (15)
 O - a wand of paralysis (28)
Scrolls
 a - 2 scrolls of blinking {unknown}
 e - a scroll of teleportation
 o - 3 scrolls of fog
 q - 5 scrolls of remove curse
 u - 2 scrolls of random uselessness
 w - a scroll of fear
 z - 4 scrolls of enchant weapon
 A - 2 scrolls of magic mapping
 N - a scroll of immolation {unknown}
 R - a scroll of amnesia {unknown}
 V - a scroll of brand weapon {unknown}
Potions
 d - a potion of might
 p - a potion of haste
 t - a potion of mutation
 v - 5 potions of flight
 B - a potion of lignification {unknown}
 F - a potion of curing
 I - a potion of cancellation
 S - a potion of invisibility
Miscellaneous
 m - a phantom mirror
Comestibles
 f - 11 rations


   Skills:
 + Level 11.3 Fighting
 - Level 10.6(10.9) Short Blades
 - Level 3.6(8.3) Long Blades
 * Level 10.2 Axes
 - Level 9.7 Armour
 + Level 9.4 Shields
 + Level 1.1 Evocations


You had 11 spell levels left.
You didn't know any spells.

Dungeon Overview and Level Annotations

Branches:
Dungeon (11/15)            Temple (1/1) D:4            Lair (0/6) D:8
    Orc (0/2) D:10

Altars:
Ashenzari
Cheibriados
Dithmenos
Elyvilon
Fedhas
Gozag
Hepliaklqana
Kikubaaqudgha
Makhleb
Nemelex Xobeh
Okawaru
Qazlal
Ru
Sif Muna
Trog
Uskayaw
Vehumet
Wu Jian
Xom
Yredelemnul
Zin
The Shining One

Shops:
D:9 (


Message History

You feel extremely sick.
There is a stone staircase leading down here.
You hit the queen ant but do no damage.
The queen ant is heavily wounded.
You slash the worker ant!
* * * LOW HITPOINT WARNING * * *
You feel extremely sick. You block the worker ant's attack.
You block the queen ant's attack.
The worker ant bites you but does no damage.
It was a potion of degeneration.
There was something very wrong with that liquid.
You feel weakened.
You feel dopey.
You feel clumsy.
* * * LOW HITPOINT WARNING * * *
You feel extremely sick. You block the queen ant's attack.
The worker ant bites you.
* * * LOW HITPOINT WARNING * * *
You slice the worker ant!!
You kill the worker ant!
You hit the queen ant but do no damage.
You die...

##(##.#
#######.#
#.##.#
#...)...#
#..#.#
#.#######
##.#.# #)#
#)..# #[#
##..# #[#
#..# #.#
#.a#####.#
##@"..[..#
#.#######
#.# ###


You could see a queen ant.

Vanquished Creatures
  An orc warlord (D:8)
  Erica (D:8)
  3 two-headed ogres
  A centaur warrior (D:7)
  Nergalle (D:10)
  An ugly thing (D:11)
  Joseph (D:7)
  Psyche (D:8)
  The ghost of Dreamer the Changer, a novice OpTm of Ru (D:5)
  A troll (D:10)
  A merfolk (D:10)
  A hippogriff (D:8)
  Sigmund (D:5)
  4 yaks (D:9)
  2 wraiths
  A hungry ghost (D:8)
  14 wargs (D:8)
  4 soldier ants
  13 orc warriors
  5 ice beasts
  A hornet zombie (D:10)
  A necrophage (D:11)
  3 black bears
  2 ogres
  2 sky beasts
  5 phantoms
  5 centaurs
  4 bullfrogs
  2 wyvern zombies
  A wyvern skeleton (D:10)
  4 scorpions
  4 killer bees (D:4)
  5 howler monkeys
  5 crimson imps
  A bullfrog zombie (D:6)
  6 hounds
  2 centaur zombies
  8 orc priests
  A jelly (D:8)
  10 orc wizards
  3 bullfrog skeletons
  2 gnoll shamans
  2 iguanas
  27 worker ants
  Terence (D:3)
  3 hound zombies
  A hound skeleton (D:5)
  2 worker ant zombies (D:5)
  A howler monkey zombie (D:9)
  8 gnolls
  A howler monkey skeleton (D:8)
  13 adders
  2 shadow imps
  An adder skeleton (D:6)
  A worm (D:3)
  A dart slug (D:1)
  6 leopard geckos
  70 orcs
  3 bats
  5 giant cockroaches
  3 goblins
  2 hobgoblins (D:2)
  12 jackals
  4 quokkas
  A ball python (D:3)
  5 kobolds
  2 quokka skeletons
  8 rats
  2 plants (D:8)
322 creatures vanquished.

Notes
Turn   | Place    | Note
-------+----------+-------------------------------------------
     0 | D:1      | xarlom the Hill Orc Fighter began the quest for the Orb.
     0 | D:1      | Reached XP level 1. HP: 19/19 MP: 1/1
   198 | D:1      | Reached XP level 2. HP: 15/27 MP: 2/2
   303 | D:1      | Reached skill level 4 in Fighting
   631 | D:1      | Reached XP level 3. HP: 29/33 MP: 3/3
  1400 | D:3      | Reached XP level 4. HP: 21/40 MP: 4/4
  1934 | D:3      | Noticed Terence
  1939 | D:3      | Killed Terence
  2403 | D:3      | Reached skill level 1 in Short Blades
  2403 | D:3      | Reached XP level 5. HP: 47/47 MP: 5/5
  2485 | D:4      | Noticed a sky beast
  2499 | D:4      | Killed a sky beast
  2499 | D:4      | Reached XP level 6. HP: 55/55 MP: 6/6
  2520 | D:4      | Found a staircase to the Ecumenical Temple.
  2546 | Temple   | Entered the Ecumenical Temple
  2647 | D:4      | Reached skill level 5 in Fighting
  2894 | D:4      | Reached XP level 7. HP: 43/61 MP: 7/7
  2913 | D:4      | Reached skill level 5 in Armour
  3503 | D:5      | Entered Level 5 of the Dungeon
  3855 | D:5      | Reached skill level 5 in Short Blades
  3855 | D:5      | Reached XP level 8. HP: 67/70 MP: 8/8
  3958 | D:5      | Noticed Sigmund
  3999 | D:5      | Killed Sigmund
  3999 | D:5      | Reached skill level 6 in Fighting
  3999 | D:5      | Reached skill level 5 in Shields
  4343 | D:5      | Noticed Dreamer's ghost (novice OpTm)
  4393 | D:5      | Killed Dreamer's ghost
  4871 | D:6      | Reached skill level 1 in Axes
  4871 | D:6      | Reached XP level 9. HP: 65/78 MP: 9/9
  5433 | D:6      | Reached skill level 7 in Fighting
  5645 | D:6      | Reached skill level 5 in Axes
  5943 | D:7      | Noticed Joseph
  6285 | D:7      | Found a radiant altar of Vehumet.
  6732 | D:7      | Found a bloodstained altar of Trog.
  6900 | D:7      | Killed Joseph
  7046 | D:8      | Noticed a two-headed ogre
  7101 | D:8      | Noticed a centaur warrior
  7511 | D:7      | Killed a centaur warrior
  7511 | D:7      | Reached skill level 8 in Fighting
  7511 | D:7      | Reached XP level 10. HP: 17/88 MP: 10/10
  7920 | D:8      | Found a staircase to the Lair.
  7920 | D:8      | Noticed a two-headed ogre
  7976 | D:8      | Noticed Psyche
  7986 | D:8      | Killed Psyche
  8021 | D:8      | Noticed a two-headed ogre
  8050 | D:8      | Killed a two-headed ogre
  8198 | D:8      | Found a blossoming altar of Fedhas.
  8778 | D:8      | Killed a two-headed ogre
  8778 | D:8      | Reached XP level 11. HP: 62/95 MP: 8/11
  8931 | D:8      | Reached skill level 9 in Fighting
  9200 | D:8      | HP: 3/97 [two-headed ogre/giant spiked club (9)]
  9258 | D:7      | HP: 4/97 [two-headed ogre/giant spiked club (6)]
  9271 | D:7      | Killed a two-headed ogre
  9963 | D:8      | Reached skill level 1 in Evocations
 10216 | D:8      | Noticed Erica
 10247 | D:8      | Killed Erica
 10247 | D:8      | Reached skill level 10 in Short Blades
 10804 | D:8      | Noticed an orc warlord
 10845 | D:8      | HP: 2/99 [orc warlord/uncursed great sword (22)]
 11782 | D:8      | Killed an orc warlord
 11782 | D:8      | Reached skill level 10 in Fighting
 13052 | D:9      | Found Pirphaa's Weapon Shoppe.
 13701 | D:10     | Entered Level 10 of the Dungeon
 13878 | D:10     | Reached skill level 11 in Fighting
 13925 | D:10     | Reached XP level 12. HP: 85/110 MP: 12/12
 14556 | D:10     | Found a staircase to the Orcish Mines.
 14640 | D:10     | Noticed Nergalle
 15027 | D:10     | Killed Nergalle
 16296 | D:11     | Found a glowing silver altar of Zin.
 16567 | D:11     | HP: 5/110 [poisoned by a green ugly thing]
 16568 | D:11     | HP: 2/110 [poisoned by a green ugly thing]
 17239 | D:11     | Reached skill level 10 in Axes
 17446 | D:11     | Noticed a queen ant
 17858 | D:10     | HP: 4/110 [worker ant (2)]
 17859 | D:10     | Succumbed to a queen ant's poison

Skill      XL: |  1  2  3  4  5  6  7  8  9 10 11 12 |
---------------+-------------------------------------+-----
Fighting       | 4 5 6 8 11 | 11.3
Long Blades    | 3 |  3.6
Armour         | 4 5 6 8 9 |  9.7
Short Blades   | 1 2 3 5 7 8 9 10 | 10.6
Shields        | 4 5 6 7 9 |  9.4
Axes           | 1 6 10 | 10.2
Evocations     | 1 |  1.1

Action                   |  1- 3 |  4- 6 |  7- 9 | 10-12 || total
-------------------------+-------+-------+-------+-------++-------
Melee: Long sword        |   117 |    17 |       |       ||   134
       Dagger            |     3 |       |       |       ||     3
       Rapier            |       |   101 |   210 |       ||   311
       Battleaxe         |       |       |   125 |       ||   125
       Short sword       |       |       |   118 |   755 ||   873
       Scimitar          |       |       |       |    35 ||    35
       Broad axe         |       |       |       |   368 ||   368
Evoke: Wand              |       |       |       |     3 ||     3
  Use: Potion            |       |     1 |     4 |    18 ||    23
       Scroll            |       |       |     4 |    13 ||    17
  Eat: Chunk             |     2 |     4 |     9 |    16 ||    31
       Ration            |       |       |     2 |     6 ||     8
Armor: Scale mail        |    71 |    12 |       |       ||    83
       Chain mail        |       |    42 |    58 |   173 ||   273
       Plate armour      |       |       |   202 |   146 ||   348
Dodge: Dodged            |    65 |    48 |   113 |   338 ||   564
Block: Shield            |    67 |       |       |       ||    67
       Buckler           |     9 |    37 |    79 |   335 ||   460
       Rpst.: Long sword |    17 |     5 |       |       ||    22
       Scimitar          |       |       |       |     7 ||     7
